 Dungeon Crawl Stone Soup version 0.31-a0-1547-g618ab1f346 (webtiles) character file.

Game seed: 11952175342514983202

4517 Flugkiller the Thaumaturge (level 10, -3/63 HPs)
             Began as an Octopode Alchemist on Jan 2, 2024.
             Was a Follower of Kikubaaqudgha.
             Slain by Harold
             ... wielding a +0 broad axe
              (16 damage)
             ... on level 9 of the Dungeon.
             The game lasted 00:22:29 (3136 turns).

Flugkiller the Thaumaturge (Octopode Alchemist)     Turns: 3136, Time: 00:22:30

Health: -3/63      AC:  1    Str:  8    XL:     10   Next: 39%
Magic:  11/40      EV: 13    Int: 28    God:    Kikubaaqudgha [*.....]
Gold:   221        SH:  0    Dex: 12    Spells: 13/26 levels left

rFire   . . .        u - +1 short sword (speed)
rCold   . . .        (no shield)
rNeg    . . .        (helmet restricted)
rPois   .            c - amulet of faith
rElec   .            m - ring of willpower
rCorr   .            i - +6 ring of intelligence
SInv    .            B - ring of magical power
Will    +....        E - ring of magical power
Stlth   +++          (no ring)
HPRegen 0.30/turn    (no ring)
MPRegen 0.27/turn    (no ring)
                     (no ring)

%: faith
@: marked, very slightly contaminated
A: almost no armour, amphibious, 8 rings, camouflage 1, gelatinous body 1,
(nimble swimmer 1), tentacles
a: Renounce Religion, Unearth Wretches


You were on level 9 of the Dungeon.
You worshipped Kikubaaqudgha.
Kikubaaqudgha was aware of your devotion.
You visited 2 branches of the dungeon, and saw 10 of its levels.

You collected 501 gold pieces.
You spent 280 gold pieces at shops.

Inventory:

Hand Weapons
 u - a +1 short sword of speed (weapon)
   (You took it off an orc priest on level 7 of the Dungeon)
 w - a +2 spear
   (You took it off a wight on level 6 of the Dungeon)
 A - a +2 dagger of venom
   (You took it off Maurice on level 8 of the Dungeon)
Missiles
 t - a throwing net
Jewellery
 c - an amulet of faith (around mantle)
   (You found it on level 7 of the Dungeon)
 g - an amulet of the acrobat
   (You found it on level 8 of the Dungeon)
 i - a +6 ring of intelligence (right tentacle)
   (You found it on level 5 of the Dungeon)
 m - a ring of willpower (left tentacle)
   (You took it off a hobgoblin on level 4 of the Dungeon)
 B - a ring of magical power (on tentacle)
   (You bought it in a shop on level 8 of the Dungeon)
 E - a ring of magical power (on tentacle)
   (You found it on level 9 of the Dungeon)
Talismans
 d - a beast talisman
   (You found it on level 2 of the Dungeon)
Wands
 b - a wand of flame (9)
   (You found it on level 6 of the Dungeon)
 s - a wand of iceblast (10)
   (You found it on level 7 of the Dungeon)
 v - a wand of paralysis (8)
   (You found it on level 6 of the Dungeon)
 z - a wand of mindburst (9)
   (You took it off Maurice on level 8 of the Dungeon)
Scrolls
 e - a scroll of brand weapon
 k - a scroll of enchant armour
 l - a scroll of enchant weapon
 n - a scroll of silence
 x - 2 scrolls of immolation {unknown}
 y - a scroll of torment {unknown}
 C - 2 scrolls of revelation
Potions
 a - a potion of magic
 f - 4 potions of brilliance
 h - a potion of attraction
 j - a potion of haste {unknown}
 o - a potion of heal wounds {unknown}
 p - a potion of ambrosia {unknown}
 q - a potion of mutation {unknown}
 D - a potion of degeneration {unknown}


   Skills:
 - Level 4.0 Fighting
 - Level 2.0 Dodging
 - Level 2.6 Stealth
 + Level 8.6 Spellcasting
 - Level 8.0 Conjurations
 - Level 3.0 Necromancy
 - Level 8.0 Alchemy
 - Level 2.0 Evocations


You had 13 spell levels left.
You knew the following spells:

 Your Spells              Type           Power      Damage    Failure   Level
a - Sting                 Conj/Alch      100%       1d9       1%          1
b - Olgreb's Toxic Radia  Alch           54%        N/A       1%          4
c - Sublimation of Blood  Necr           28%        N/A       1%          2
i - Irradiate             Conj/Alch      27%        3d20      4%          5
q - Apportation           Tloc           24%        N/A       4%          1

Your spell library contained the following spells:

 Spells                   Type           Power      Damage    Failure   Level
 Kiss of Death            Conj/Necr      100%       2d13      1%          1
 Cigotuvi's Dreadful Rot  Necr/Alch/Air  64%        N/A       1%          2
 Mercury Vapours          Alch/Air       68%        N/A       1%          2
 Mephitic Cloud           Conj/Alch/Air  41%        N/A       1%          3
 Fugue of the Fallen      Necr           28%        N/A       4%          3
 Alistair's Intoxication  Alch           36%        N/A       4%          5
 Ensorcelled Hibernation  Hex/Ice        24%        N/A       7%          2
 Jinxbite                 Hex            24%        N/A       7%          2
 Petrify                  Alch/Erth      34%        N/A       9%          4
 Sticky Flame             Fire/Alch      34%        2d7       9%          4
 Inner Flame              Hex/Fire       12%        N/A       14%         3
 Passwall                 Erth           12%        N/A       14%         3
 Swiftness                Air            12%        N/A       14%         3
 Ignition                 Fire           6%         3d4       100%        8


Dungeon Overview and Level Annotations

Branches:
Dungeon (9/15) Zot: 26594  Temple (1/1) D:7 Zot: 5987    Lair (0/5) D:9
    Orc: D:9-12

Altars:
Cheibriados
Dithmenos
Elyvilon
Fedhas
Hepliaklqana
Kikubaaqudgha
Nemelex Xobeh
Okawaru
Qazlal
Ru
Sif Muna
Trog
Uskayaw
Vehumet
Wu Jian
Xom
Yredelemnul
The Shining One

Shops:
D:8 =*

Annotations:
D:4 1 runed translucent door, exclusion: iron imp, Asparus's ghost, novice DsCj
D:5 exclusion: water moccasin
D:6 Menkaure
D:9 Harold


Innate Abilities, Weirdness & Mutations

You cannot wear most types of armour.
You are amphibious.
You can wear up to eight rings at the same time.
Your skin changes colour to match your surroundings (Stealth+).
Your rubbery body absorbs attacks. (AC +1, EV +1)
((You are camouflaged when in or above water. (Stealth+)))
You have tentacles for arms and can constrict up to eight enemies at once.


Message History

You kill the yak!
Kikubaaqudgha accepts your kill.
The yak looks even sicker.
Unknown command.
A yak comes into view.
The yak bellows!
The yak is poisoned. x2
You kill the yak!
Kikubaaqudgha accepts your kill.
Your Spellcasting skill increases to level 8!
Your toxic aura wanes.
You see here a wolf corpse.
Things that are here:
a +0 mace; a +0 leather armour Kikubaaqudgha accepts your kill.
You feel a bit more experienced.
Unknown command.
Your magical contamination has completely faded away.
Casting: Irradiate (dangerous; 4% risk of failure)
Confirm with . or Enter, or press ? or * to list all spells.
You begin to radiate toxic energy.
The yak is poisoned.
Your toxic aura wanes.
Casting: Olgreb's Toxic Radiance (dangerous; 1% risk of failure)
Confirm with . or Enter, or press ? or * to list all spells.
You begin to radiate toxic energy.
The yak is poisoned.
The yak looks even sicker.
The yak bellows!
The yak is poisoned.
The yak looks even sicker.
The yak looks as sick as possible!
Your toxic aura wanes.
You kill the yak!
Kikubaaqudgha accepts your kill.
Casting: Olgreb's Toxic Radiance (dangerous; 1% risk of failure)
Confirm with . or Enter, or press ? or * to list all spells.
Aiming: Sting (safe; 1% risk of failure)
Press: ? - help, Shift-Dir - straight line
Okay, then.
Casting: Sting (safe; 1% risk of failure)
Confirm with . or Enter, or press ? or * to list all spells.
Aiming: Sting (safe; 1% risk of failure)
Press: ? - help, Shift-Dir - straight line, f - yak
Aim: a yak (heavily wounded, 87% to hit)
The sting hits the yak.
The yak is poisoned.
The yak is heavily wounded.
Casting: Sting (safe; 1% risk of failure)
Confirm with . or Enter, or press ? or * to list all spells.
Aiming: Sting (safe; 1% risk of failure)
Press: ? - help, Shift-Dir - straight line, f/p - yak
Aim: a yak (heavily wounded, poisoned, 87% to hit)
The sting hits the yak.
The yak looks even sicker.
The yak is severely wounded.
You completely miss the yak.
The yak is almost dead.
The yak gores you.
You hit the yak. You squeeze the yak.
You kill the yak!
Kikubaaqudgha accepts your kill.
You see here a yak corpse.
Found a scroll labelled FOSITHR FUECOL and 2 potions of brilliance.
Unknown command.
f - 4 potions of brilliance (gained 2)
x - 2 scrolls labelled FOSITHR FUECOL (gained 1)
Found a stone staircase leading down.
Harold shouts!
Harold points at you and mumbles some strange words.
A sentinel's mark forms upon you.
Unknown command.
Casting: Sting (safe; 1% risk of failure)
Confirm with . or Enter, or press ? or * to list all spells.
You begin to radiate toxic energy.
Harold is poisoned.
Harold looks even sicker.
Casting: Olgreb's Toxic Radiance (dangerous; 1% risk of failure)
Confirm with . or Enter, or press ? or * to list all spells.
Your toxic radiance grows in intensity.
Harold looks even sicker.
Harold throws a throwing net.
The throwing net hits you.
You become entangled in the net!
You see here a throwing net.
You struggle against the net.
Harold looks as sick as possible!
Harold fires a harpoon shot at you. The harpoon shot hits you!
You are yanked forward by the harpoon shot.
Found a potion of berserk rage.
Casting: Olgreb's Toxic Radiance (dangerous; 1% risk of failure)
Confirm with . or Enter, or press ? or * to list all spells.
You erupt in a fountain of uncontrolled magic!
Harold is blasted with magical radiation!!!
Harold is almost dead.
You are very lightly contaminated with residual magic.
Your toxic aura wanes.
Harold hits you with a +0 broad axe!
Casting: Irradiate (dangerous; 4% risk of failure)
Confirm with . or Enter, or press ? or * to list all spells.
You miscast Irradiate.
The air around you crackles with energy!
* * * LOW HITPOINT WARNING * * *
Harold hits you with a +0 broad axe!
You die...
Harold sighs, "Finally, I can get that fishing boat and settle down."
Kikubaaqudgha rasps: "You have failed me!
Welcome... death!"

.....#...# .........##
####### ..........# #.....#
..........###.....######
........................
.....................^..
>.......................
............(...........
................@@....!. .
.....########.>.#......# .
.....# #...#...#### ..
.....### #####...# ####..
.......# ###.### #.....
..†....# ##...# ###.....
..Y....# ##..Y## ###.....##
.......######.....##
##...#####
.......).††#.......####..###


You could see Harold (extremely poisoned).

Vanquished Creatures
  Maurice (D:8)
  A troll (D:9)
  A wraith (D:9)
  9 yaks
  A wyvern (D:8)
  A warg (D:9)
  A water moccasin (D:8)
  An orc warrior (D:7)
  4 ogres (D:5)
  A centaur (D:5)
  2 wolves (D:9)
  2 lemures (D:7)
  A phantom (D:6)
  3 bullfrogs
  2 scorpions
  4 wights (D:6)
  4 killer bees (D:5)
  4 howler monkeys
  A jelly (D:7)
  7 orc priests
  A gnoll bouda (D:6)
  A sleepcap (D:6)
  An iguana (D:5)
  2 orc wizards (D:7)
  8 gnolls
  2 adders
  A white imp (D:6)
  A ribbon worm (D:4)
  22 orcs
  4 ball pythons
  6 endoplasms
  2 giant cockroaches
  A goblin (D:1)
  3 hobgoblins
  A quokka (D:3)
  A bat (D:2)
  A frilled lizard (D:2)
  2 kobolds
  A rat (D:2)
112 creatures vanquished.

Notes
Turn   | Place    | Note
-------+----------+-------------------------------------------
     0 | D:1      | Flugkiller the Octopode Alchemist began the quest for the
                  | Orb.
     0 | D:1      | Reached XP level 1. HP: 11/11 MP: 3/3
   146 | D:2      | Reached XP level 2. HP: 14/17 MP: 0/5
   418 | D:3      | Reached XP level 3. HP: 8/21 MP: 7/7
   420 | D:3      | Reached XP level 4. HP: 16/27 MP: 7/9
   496 | D:3      | Learned a level 4 spell: Olgreb's Toxic Radiance
   642 | D:5      | Entered Level 5 of the Dungeon
   642 | D:5      | Noticed an ogre
   747 | D:4      | Reached XP level 5. HP: 31/31 MP: 4/11
   758 | D:4      | Found a runed translucent door.
   758 | D:4      | Noticed Asparus's ghost (novice DsCj)
   773 | D:4      | Reached skill level 5 in Alchemy
   880 | D:5      | Noticed a water moccasin
   897 | D:5      | Noticed an ogre
   909 | D:5      | Killed an ogre
   910 | D:5      | Reached XP level 6. HP: 36/36 MP: 1/12
   992 | D:5      | Reached XP level 7. HP: 41/41 MP: 3/13
  1004 | D:5      | Learned a level 5 spell: Irradiate
  1052 | D:5      | Found a basalt altar of Yredelemnul.
  1187 | D:5      | Found a shadowy altar of Dithmenos.
  1188 | D:5      | Found a radiant altar of Vehumet.
  1188 | D:5      | Found a hide-covered altar of Uskayaw.
  1196 | D:5      | Found a hazy altar of Hepliaklqana.
  1196 | D:5      | Found a snail-covered altar of Cheibriados.
  1252 | D:6      | Reached XP level 8. HP: 46/46 MP: 6/14
  1299 | D:6      | Reached skill level 5 in Conjurations
  1370 | D:6      | Noticed Menkaure
  1392 | D:6      | Learned a level 1 spell: Apportation
  1509 | D:7      | Found a white marble altar of Elyvilon.
  1624 | D:7      | Found a staircase to the Ecumenical Temple.
  1633 | Temple   | Entered the Ecumenical Temple
  1639 | Temple   | Became a worshipper of Kikubaaqudgha
  1765 | D:7      | Learned a level 2 spell: Sublimation of Blood
  1917 | D:7      | Reached skill level 1 in Fighting
  1922 | D:7      | Reached skill level 1 in Necromancy
  2429 | D:8      | Noticed a wyvern
  2434 | D:8      | Noticed Maurice
  2436 | D:8      | Killed a wyvern
  2437 | D:8      | Reached XP level 9. HP: 54/54 MP: 10/15
  2465 | D:8      | Killed Maurice
  2466 | D:8      | Reached skill level 1 in Evocations
  2488 | D:8      | Found Lupesig's Jewellery Emporium.
  2496 | D:8      | Found Aotil's Alliterative Armaments.
  2497 | D:8      | Bought a ring of magical power for 280 gold pieces
  2569 | D:8      | Reached skill level 5 in Spellcasting
  2704 | D:8      | Reached * piety under Kikubaaqudgha
  2704 | D:8      | Received a gift from Kikubaaqudgha
  2763 | D:9      | Noticed Harold
  2763 | D:9      | Noticed a troll
  2773 | D:9      | Found a blossoming altar of Fedhas.
  2783 | D:9      | Killed a troll
  2945 | D:9      | Found a staircase to the Lair.
  2955 | D:9      | Reached XP level 10. HP: 38/63 MP: 20/20
  3136 | D:9      | Slain by Harold

Illustrated notes

Levels and vault maps discovered:
D:1:      erik_arrival_triangle_small, layout_rooms, serial_bayou_pond_e,
          nicolae_hexahallways
D:2:      layout_rooms
D:3:      layout_loops_cross, serial_bayou_pond_e
D:4:      layout_basic, lemuel_round_altar, demons_altar,
          hellmonk_ghost_happy_afterlife, lemuel_flame_loot_1
D:5:      layout_rooms, yredelemnul_altar_generic,
          minmay_overflow_temple_star_hex
D:6:      layout_loops_corners, uniq_menkaure
D:7:      layout_basic, elyvilon_altar_5, minmay_temple_entry_mist, uniq_pikel
D:8:      layout_cave_pools, serial_shops, shop, monkooky_shop_alliterative,
          uniq_maurice
D:9:      layout_cross, tgw_fedhas, erik_lair_orcish_takeover,
          minmay_statues_item, minmay_misc_feat_ornament, nicolae_benzene_ring,
          uniq_harold
Temple:   hellmonk_temple_rainy

Skill      XL: |  1  2  3  4  5  6  7  8  9 10 |
---------------+-------------------------------+-----
Spellcasting   | 3 4 6 8 |  8.6
Alchemy        | 4 5 6 7 8 |  8.0
Conjurations   | 2 3 4 7 8 |  8.0
Fighting       | 2 4 |  4.0
Necromancy     | 2 3 |  3.0
Evocations     | 2 |  2.0
Dodging        | |  2.0
Stealth        | |  2.6

Action                     |  1- 3 |  4- 6 |  7- 9 | 10-12 || total
---------------------------+-------+-------+-------+-------++-------
  Melee: Unarmed           |     2 |       |       |       ||     2
         Dagger            |     6 |    18 |    32 |       ||    56
         Constrict         |     2 |     6 |    19 |     1 ||    28
         Punch             |     1 |       |     2 |       ||     3
         Tentacles         |     2 |     6 |    21 |     1 ||    30
         Short sword       |       |       |    40 |     5 ||    45
   Cast: Sting             |    13 |    34 |    25 |     2 ||    74
         Olgreb's Toxic Ra |       |     4 |    23 |     8 ||    35
         Irradiate         |       |       |    12 |     5 ||    17
         Apportation       |       |       |    16 |     3 ||    19
         Sublimation of Bl |       |       |     5 |       ||     5
  Evoke: Wand              |       |       |     4 |     2 ||     6
    Use: Scroll            |     4 |       |     9 |     1 ||    14
         Potion            |     2 |       |     1 |       ||     3
   Stab: Sleeping          |     1 |       |     1 |       ||     2
 Armour: Skin              |     5 |     6 |    64 |     6 ||    81
  Dodge: Dodged            |     4 |    12 |    44 |     1 ||    61

Table legend: (Time is in decaauts)
 A = Elapsed time spent in this place.
 B = Non-inter-level travel time spent in this place.
 C = Inter-level travel time spent in this place.
 D = Time resting spent in this place.
 E = Time spent auto-exploring this place.
 F = Levels seen in this place.
 G = Mean time per level.
                   A        B        C        D        E       F      G
               +--------+--------+--------+--------+--------+-----+--------+
         Total |   3130 |   3001 |    129 |     41 |      0 |  10 |  313.0 |
       Dungeon |   3118 |   2989 |    129 |     41 |      0 |   9 |  346.4 |
        Temple |     12 |     12 |      0 |      0 |      0 |   1 |   12.0 |
               +--------+--------+--------+--------+--------+-----+--------+

Top non-repeatable levels by time:
     D:6: 641 daAuts
     D:7: 538 daAuts
     D:9: 404 daAuts
     D:5: 380 daAuts
     D:4: 302 daAuts
     D:8: 292 daAuts
     D:2: 266 daAuts
     D:3: 206 daAuts
     D:1: 86 daAuts
  Temple: 12 daAuts
